 Dungeon Crawl Stone Soup version 0.18-b1-14-g029dad2 (webtiles) character file.

32 Keyn the Skirmisher (level 3, 0/29 HPs)
             Began as a Demonspawn Abyssal Knight on Apr 30, 2016.
             Was a Follower of Lugonu.
             Succumbed to an adder's poison
             ... on level 2 of the Dungeon.
             The game lasted 00:03:05 (848 turns).

Keyn the Skirmisher (Demonspawn Abyssal Knight)      Turns: 848, Time: 00:03:06

Health: 0/29       AC:  3    Str: 13    XL:     3   Next: 10%
Magic:  5/5        EV: 11    Int: 13    God:    Lugonu [*.....]
Gold:   99         SH:  0    Dex: 12    Spells: 0 memorised, 2 levels left

rFire  . . .     SeeInvis .     a - +1 falchion
rCold  . . .     Gourm    .     b - +0 leather armour
rNeg   . . .     Faith    .     (no shield)
rPois  .         Spirit   .     (helmet restricted)
rElec  .         Dismiss  .     (no cloak)
rCorr  .         Reflect  .     (no gloves)
SustAt .         Harm     .     (no boots)
MR     .....                    (no amulet)
Stlth  +.........               (no ring)
                                (no ring)

@: lethally poisoned (0 -> -4), very slightly contaminated, not resistant to
hostile enchantments, very unstealthy
A: antennae 1, talons 1
a: Depart the Abyss, Renounce Religion


You were on level 2 of the Dungeon.
You worshipped Lugonu.
Lugonu was aware of your devotion.
You were not hungry.

You visited 1 branch of the dungeon, and saw 2 of its levels.
You visited the Abyss 1 time.

You collected 99 gold pieces.

Inventory:

Hand Weapons
 a - a +1 falchion (weapon)
 n - a cursed -2 dagger
Armour
 b - a +0 leather armour (worn)
 i - a +0 robe
Scrolls
 e - 2 scrolls of fog
 m - 2 scrolls of noise
Potions
 d - a potion of brilliance {unknown}
 f - 3 potions of agility
 h - a potion of invisibility
Comestibles
 c - a bread ration
 g - 4 fruits


   Skills:
 + Level 3.5 Fighting
 + Level 2.2 Long Blades
 + Level 2.0 Armour
 + Level 1.1 Dodging
 + Level 2.7 Invocations


You had 2 spell levels left.
You didn't know any spells.

Dungeon Overview and Level Annotations

Branches:
Dungeon (2/15)

Altars:
Trog


Innate Abilities, Weirdness & Mutations

You have a pair of small antennae on your head.
You have sharp toenails.


Message History

You feel sick. The hobgoblin hits you with a club.
* * * LOW HITPOINT WARNING * * *
You hit the hobgoblin.
The hobgoblin is lightly wounded.
* * * LOW HITPOINT WARNING * * *
You feel sick. The hobgoblin misses you.
You closely miss the hobgoblin. Your kick misses the hobgoblin.
The hobgoblin is lightly wounded.
The hobgoblin hits you but does no damage.
You hit the hobgoblin.
You kill the hobgoblin!
Lugonu accepts your kill.
* * * LOW HITPOINT WARNING * * *
You feel sick.
Things that are here:
a club; a hobgoblin corpse
There is a lethal amount of poison in your body!
* * * LOW HITPOINT WARNING * * *
You feel sick.
You die...

†..####...###.#
...##...#.##..#
......###.....#
.....####._...#
...#.##.....#.#####.. .
...#.......)..>.........
..<####..####.######..#
...# #.. #..†)......#
...# #... #.....@.####
..# #.... #......## #...
#......# ########


There were no monsters in sight!

Vanquished Creatures
  An adder (D:2)
  An ooze (D:1)
  2 bats (D:1)
  2 giant cockroaches (D:1)
  4 goblins (D:1)
  2 hobgoblins
  2 jackals (D:1)
  A kobold (D:1)
  3 rats
18 creatures vanquished.

Notes
Turn   | Place    | Note
--------------------------------------------------------------
     0 | Abyss:1  | Keyn the Demonspawn Abyssal Knight began the quest for the Orb.
     0 | Abyss:1  | Reached XP level 1. HP: 18/18 MP: 2/2
    56 | Abyss:1  | Noticed an iron imp
    61 | Abyss:1  | Noticed a starcursed mass
    62 | Abyss:1  | Noticed a smoke demon
    63 | D:1      | Escaped the Abyss
   368 | D:1      | Gained mutation: You have sharp toenails. [demonic ancestry]
   368 | D:1      | Reached XP level 2. HP: 17/24 MP: 3/3
   461 | D:1      | Reached * piety under Lugonu
   493 | D:1      | Reached skill level 1 in Dodging
   828 | D:2      | Found a bloodstained altar of Trog.
   841 | D:2      | Gained mutation: You have a pair of small antennae on your head. [demonic ancestry]
   841 | D:2      | Reached XP level 3. HP: 7/29 MP: 5/5
   846 | D:2      | HP: 1/29 [poisoned by an adder]
   848 | D:2      | Succumbed to an adder's poison

Skill      XL: |  1  2 |
---------------+-------+-----
Long Blades    | 2 |  2.2
Armour         | 2 |  2.0
Dodging        | 1 |  1.1
Fighting       | |  3.5
Invocations    | |  2.7

Action                   || total
-------------------------++-------
Melee: Falchion          ||    45
       Kick              ||     3
Invok: Depart the Abyss  ||     1
  Use: Scroll            ||     6
       Potion            ||     2
Armor: Leather armour    ||    10
Dodge: Dodged            ||    30
